 Dungeon Crawl Stone Soup version 0.20-a0-433-g9e36e56 (webtiles) character file.

5 Gorice the Vexing (level 1, 0/15 HPs)
             Began as a Demonspawn Arcane Marksman on Jan 3, 2017.
             Slain by a kobold (1 damage)
             ... on level 1 of the Dungeon.
             The game lasted 00:01:04 (217 turns).

Gorice the Vexing (Demonspawn Arcane Marksman)       Turns: 217, Time: 00:01:05

Health: 0/15       AC:  2    Str: 10    XL:     1   Next: 66%
Magic:  2/2        EV: 12    Int: 14    God:
Gold:   0          SH:  0    Dex: 13    Spells: 1/2 levels left

rFire  . . .     SeeInvis .     (no weapon)
rCold  . . .     Gourm    .     a - +0 robe
rNeg   . . .     Faith    .     (no shield)
rPois  .         Spirit   .     (no helmet)
rElec  .         Reflect  .     (no cloak)
rCorr  .         Harm     .     (no gloves)
MR     .....                    (no boots)
Stlth  +.........               (no amulet)
                                (no ring)
                                (no ring)

@: no status effects
A: no striking features
a: no special abilities


You were on level 1 of the Dungeon.
You were not hungry.

You visited 1 branch of the dungeon, and saw 1 of its levels.

Inventory:

Missiles
 c - a javelin (quivered)
 Y - 2 throwing nets
Armour
 a - a +0 robe (worn)
Scrolls
 e - 3 scrolls of identify {unknown}
 h - a scroll of fear {unknown}
Potions
 d - a potion of invisibility {unknown}
 g - a potion of flight {unknown}
Books
 b - a book of Debilitation
Comestibles
 f - a bread ration {!e}
 i - 6 chunks of flesh


   Skills:
 + Level 1.5 Fighting
 * Level 2.0 Throwing
 - Level 1.7 Dodging
 - Level 1.0 Spellcasting
 - Level 3.0 Hexes


You had one spell level left.
You knew the following spells:

 Your Spells              Type           Power        Failure   Level  Hunger
a - Corona                Hex            #......      10%         1    ##.....


Dungeon Overview and Level Annotations

Branches:
Dungeon (1/15)

Altars:


Message History

Okay, then.
You see here a giant cockroach corpse.
You butcher the giant cockroach corpse.
i - 6 chunks of flesh (gained 2)
You start resting.
Something unseen opens the door.
A goblin opens the door.
You see here a club.
Things that are here:
a club; a goblin skeleton A goblin opens the door.
A kobold comes into view.
The kobold throws a stone.
The stone hits you but does no damage.
You see here a stone.
A leopard gecko comes into view.
The leopard gecko hisses angrily.
The kobold throws a stone.
The stone closely misses you.
Things that are here:
a stone; a royal jelly You barely miss the leopard gecko.
The leopard gecko barely misses you.
You closely miss the leopard gecko. The leopard gecko closely misses you.
You hit the leopard gecko.
The leopard gecko is lightly wounded.
The leopard gecko hisses menacingly.
The leopard gecko closely misses you. The kobold hits you but does no damage.
You miss the leopard gecko.
The leopard gecko is lightly wounded.
The leopard gecko bites you.
* * * LOW HITPOINT WARNING * * *
The kobold closely misses you. The leopard gecko closely misses you.
Damage: 3 (max 3) Unknown command.
Throwing (i - inventory. (,) - cycle):
c - 3 javelins (quivered)
Press: ? - help, Shift-Dir - straight line, f - leopard gecko
Aim: a leopard gecko (lightly wounded, clinging)
You throw a javelin.
The javelin barely misses the leopard gecko.
The kobold barely misses you. The leopard gecko bites you.
* * * LOW HITPOINT WARNING * * *
The kobold hits you.
* * * LOW HITPOINT WARNING * * *
Damage: 3 (max 3) Throwing (i - inventory. (,) - cycle):
c - 2 javelins (quivered)
Press: ? - help, Shift-Dir - straight line, f/p - leopard gecko
Aim: a leopard gecko (lightly wounded, clinging)
You throw a javelin.
The javelin barely misses the leopard gecko.
The leopard gecko misses you. The leopard gecko closely misses you.
The kobold hits you.
You die...

....#######..#.#
#.....##.....#
#####........###
#..)...g.......
##.###.+'''++...
##..##..+....+...
#
##..###..'....+...
##.#g.##
#..'..<.+...
#..l@##
##..+...g'...
.....#K##
#...+++++'.## .###
#. #..........# ##
##..#...(...
#.......#..
##.......# .
#...#..#.#
#...#..#.#
##..#...#


You could see a leopard gecko, a goblin and a kobold.

Vanquished Creatures
  A giant cockroach (D:1)
  2 goblins (D:1)
  A hobgoblin (D:1)
4 creatures vanquished.

Notes
Turn   | Place    | Note
-------+----------+-------------------------------------------
     0 | D:1      | Gorice the Demonspawn Arcane Marksman began the quest for the Orb.
     0 | D:1      | Reached XP level 1. HP: 15/15 MP: 2/2
    76 | D:1      | HP: 3/15 [goblin/club (2)]
    90 | D:1      | HP: 3/15 [giant cockroach (1)]
    93 | D:1      | HP: 1/15 [giant cockroach (2)]
    95 | D:1      | Reached skill level 2 in Throwing
   215 | D:1      | HP: 4/15 [leopard gecko (3)]
   216 | D:1      | HP: 1/15 [kobold (2)]
   217 | D:1      | Slain by a kobold

Vault maps used:
D:1:      lightli_arrival_maybe_door_vault

Skill      XL: |  1 |
---------------+----+-----
Throwing       | 2 |  2.0
Fighting       | |  1.5
Dodging        | |  1.7
Spellcasting   | |  1.0
Hexes          | |  3.0

Action                   || total
-------------------------++-------
Melee: Unarmed           ||    16
Throw: Javelin           ||     8
Armor: Robe              ||     1
Dodge: Dodged            ||    19

Table legend:
 A = Turns spent in this place as a percentage of turns spent in the entire game.
 B = Non-inter-level travel turns spent in this place as a percentage of non-inter-level travel turns spent in the entire game.
 C = Inter-level travel turns spent in this place as a percentage of turns spent in this place.
 D = Turns resting spent in this place as a percentage of non-inter-level travel turns spent in this place.
 E = Turns spent auto-exploring this place as a percentage of non-inter-level travel turns spent in this place.
 F = Non-inter-level travel turns spent in this place divided by the number of levels of this place that you've seen.
                   A       B       C       D       E      F
               +-------+-------+-------+-------+-------+----------------------
         Total | 100.0 | 100.0 |   0.0 |   5.2 |   2.1 |  97.0
       Dungeon | 100.0 | 100.0 |   0.0 |   5.2 |   2.1 |  97.0
               +-------+-------+-------+-------+-------+----------------------

Vault maps used:
D:1:      lightli_arrival_maybe_door_vault
